Map: Pillars of Gold LE

Players

TIME (Oliveira) - Winner!

  • Race: Terran Terran
  • Spawn Location: 7:00

SpeCial

  • Race: Terran Terran
  • Spawn Location: 1:00

Event: IEM Katowice 2021

VOD

Have the link to the VOD?

Description

Time

  • Played on: Feb. 23, 2021, 10:47 a.m.
  • Length: 10:31

All games in this series

Show
View Real Time Build Order
Export as new Build Order

TIME Terran - Winner!

Build Orders:  

Get SALT Encoding   

  12  0:00  SCV  
  13  0:12  SCV  
  14  0:18  Supply Depot  
  14  0:24  SCV  
  15  0:39  SCV  
  15  0:41  Barracks  
  16  0:45  Refinery  
  16  0:51  SCV  
  16  0:56  Refinery  
  17  1:04  SCV  
  18  1:16  SCV  
  19  1:28  Reaper, Orbital Command  
  20  1:33  Supply Depot  
  20  1:48  Factory  
  20  1:55  SCV  
  20  2:00  Reaper  
  22  2:07  SCV  
  23  2:19  SCV  
  24  2:31  SCV  
  24  2:33  Hellion, Barracks Reactor  
  26  2:39  Command Center  
  26  2:43  SCV  
  27  2:49  Starport  
  27  2:55  Factory Tech Lab  
  27  3:08  SCV  
  27  3:11  Supply Depot  
  28  3:14  Siege Tank  
  31  3:27  Marine  
  31  3:32  Medivac, Marine  
  31  3:33  SCV  
  33  3:44  Marine  
  33  3:45  Refinery  
  33  3:47  Siege Tank  
  33  3:48  SCV  
  38  3:50  Marine  
  39  3:56  Orbital Command  
  39  4:00  SCV  
  39  4:02  Marine  
  40  4:05  Starport Tech Lab  
  41  4:12  SCV  
  42  4:21  Cyclone  
  42  4:22  Marine  
  42  4:23  SCV  
  47  4:28  Marine  
  48  4:33  SCV  
  48  4:35  Supply Depot  
  49  4:40  Marine  
  49  4:44  Raven  
  52  4:46  Marine  
  52  4:47  SCV  
  53  4:58  Marine  
  52  5:02  Siege Tank  
  52  5:04  SCV, Marine  
  52  5:06  SCV  
  54  5:17  SCV, Command Center  
  54  5:19  SCV  
  56  5:29  SCV  
  56  5:31  SCV  
  56  5:34  Stimpack, Marine  
  56  5:35  Siege Tank  
  62  5:42  Supply Depot  
  62  5:45  Supply Depot  
  62  5:52  SCV  
  62  6:03  Marine  
  62  6:04  SCV x2, Viking x2  
  68  6:10  Barracks  
  69  6:11  Barracks, Siege Tank  
  69  6:16  SCV  
  71  6:20  SCV  
  71  6:21  Marine  
  73  6:28  SCV  
  73  6:30  Orbital Command  
  74  6:33  SCV  
  74  6:35  Viking x2  
  79  6:42  Refinery  
  79  6:44  SCV  
  79  6:45  Marine  
  81  6:47  Siege Tank  
  81  6:51  SCV  
  85  6:56  Orbital Command  
  85  6:57  SCV  
  86  7:01  Barracks Reactor x2  
  86  7:03  Supply Depot  
  86  7:05  Engineering Bay x2  
  86  7:08  Marine  
  86  7:10  SCV x2  
  86  7:14  Combat Shield  
  86  7:15  Viking  
  91  7:17  Viking  
  93  7:24  SCV x2  
  85  7:41  Marine x2  
  85  7:43  Marine  
  73  7:48  Marine  
  73  7:50  SCV x2  
  72  7:51  Siege Tank  
  72  7:52  Marine  
  72  7:54  SCV  
  72  7:57  Terran Infantry Weapons Level 1, Terran Infantry Armor Level 1  
  77  7:59  Marine  
  77  8:02  SCV x2  
  77  8:04  Marine  
  78  8:06  SCV  
  78  8:08  Marine  
  78  8:09  Marine  
  78  8:12  Medivac x2  
  78  8:13  Marine  
  78  8:14  SCV  
  78  8:15  SCV  
  78  8:17  Marine  
  78  8:18  SCV, Barracks  
  78  8:19  Barracks  
  83  8:22  Marine  
  83  8:25  Marine, Supply Depot x2, Siege Tank  
  83  8:26  SCV  
  89  8:29  Marine  
  89  8:30  SCV, Marine  
  89  8:31  SCV  
  93  8:34  Refinery  
  93  8:35  Marine, Refinery  
  93  8:38  SCV  
  93  8:40  Marine  
  96  8:42  SCV  
  96  8:45  Marine, Armory  
  96  8:47  Marine  
  99  8:52  Medivac x2  
  99  8:53  Marine  
  104  8:56  Marine  
  104  8:57  SCV  
  104  8:58  SCV  
  104  9:02  SCV  
  108  9:03  Supply Depot  
  108  9:04  Supply Depot  
  108  9:05  Marine  
  108  9:09  Barracks Reactor x2  
  109  9:10  Marine  
  109  9:12  Siege Tank  
  109  9:13  SCV  
  109  9:16  Marine  
  115  9:22  Marine x2  
  116  9:25  Marine  
  111  9:33  Marine  
  111  9:34  Marine  
  105  9:40  Marine  
  105  9:41  Marine  
  105  9:43  Marine  
  102  9:45  Marine  
  102  9:46  Marine  
  102  9:47  Siege Tank  
  102  9:50  Marine  
  102  9:51  Marine  
  102  9:52  SCV, Marine  
  109  9:55  Marine  
  109  9:57  Marine  
  109  9:58  Medivac  
  109  9:59  Medivac  
  112  10:00  Marine  
  112  10:04  Marine x2  
  112  10:06  SCV  
  116  10:08  Marine  
  116  10:11  Marine  
  116  10:12  Command Center  
  116  10:13  SCV  
Show
View Real Time Build Order
Export as new Build Order

SpeCial Terran 

Build Orders: Gas First Reaper Expand 

Get SALT Encoding   

  12  0:00  SCV  
  13  0:12  SCV  
  14  0:17  Supply Depot  
  14  0:24  SCV  
  15  0:29  Refinery  
  15  0:39  SCV  
  16  0:45  Barracks  
  16  0:51  SCV  
  17  1:03  SCV  
  18  1:15  SCV  
  19  1:32  Reaper, Orbital Command  
  20  1:45  Command Center  
  20  1:55  Factory  
  20  1:59  SCV  
  21  2:03  Marine  
  22  2:09  Supply Depot  
  22  2:13  SCV  
  23  2:17  Refinery  
  23  2:30  SCV, Marine  
  25  2:39  Hellion  
  25  2:41  Starport  
  27  2:44  SCV  
  27  2:48  Marine  
  29  2:56  SCV  
  30  3:02  Hellion, Orbital Command  
  32  3:08  Barracks Tech Lab  
  32  3:10  SCV  
  32  3:32  SCV x2  
  34  3:34  Banshee  
  34  3:37  Barracks Reactor, Refinery  
  34  3:40  Factory Tech Lab  
  37  3:44  SCV x2  
  39  3:50  Supply Depot  
  39  3:56  SCV x2  
  39  3:58  Cyclone  
  44  4:08  SCV  
  44  4:09  SCV  
  46  4:16  Marine x2  
  48  4:19  Raven  
  48  4:21  SCV  
  48  4:22  SCV  
  51  4:29  Supply Depot  
  51  4:31  Siege Tank  
  54  4:40  SCV  
  54  4:41  SCV  
  54  4:42  Marine x2  
  53  4:52  SCV  
  53  4:53  SCV  
  54  5:00  Marine x2  
  54  5:04  SCV  
  54  5:05  Raven  
  55  5:12  SCV, Command Center  
  56  5:16  SCV  
  56  5:17  Marine  
  56  5:18  Marine  
  59  5:22  Siege Tank  
  62  5:28  Supply Depot  
  62  5:37  Marine x2  
  62  5:38  SCV x2, Supply Depot  
  66  5:50  SCV x2  
  66  5:55  Siege Tank  
  71  5:59  Supply Depot  
  71  6:02  SCV x2  
  71  6:03  Viking x2  
  77  6:05  Marine  
  77  6:07  Stimpack  
  78  6:12  Refinery  
  78  6:14  SCV x2  
  80  6:23  Marine  
  81  6:26  SCV, Orbital Command  
  81  6:27  Siege Tank  
  81  6:31  SCV  
  86  6:34  Viking  
  86  6:38  SCV  
  89  6:41  Marine  
  89  6:43  SCV, Viking  
  93  6:50  Orbital Command  
  93  6:51  SCV  
  91  6:58  SCV, Marine  
  91  7:01  Barracks x2, Siege Tank  
  96  7:02  Supply Depot  
  96  7:03  SCV  
  97  7:10  SCV  
  97  7:13  Engineering Bay x2  
  97  7:15  SCV  
  99  7:18  SCV  
  99  7:19  Viking  
  102  7:23  SCV  
  102  7:24  Viking  
  104  7:36  Siege Tank  
  91  7:38  Marine  
  91  7:39  SCV  
  85  7:47  Orbital Command  
  85  7:49  SCV  
  85  7:51  Viking  
  81  7:54  Liberator  
  81  7:55  Barracks Reactor  
  81  7:56  Marine, Barracks Reactor  
  84  8:01  SCV x2  
  85  8:06  Orbital Command  
  85  8:08  Siege Tank  
  85  8:12  SCV  
  85  8:13  SCV x2  
  85  8:18  Terran Infantry Weapons Level 1, Terran Infantry Armor Level 1  
  86  8:25  SCV, Barracks  
  86  8:26  Missile Turret  
  86  8:27  SCV, Barracks  
  89  8:29  Medivac, Marine  
  89  8:33  Marine x4  
  95  8:35  SCV  
  95  8:37  SCV  
  95  8:38  Medivac  
  95  8:39  SCV  
  100  8:45  Supply Depot  
  100  8:47  Marine  
  100  8:48  SCV, Refinery  
  102  8:49  Supply Depot, Refinery  
  102  8:50  Supply Depot, Sensor Tower  
  102  8:51  Marine x2  
  104  8:59  Marine x2, Siege Tank  
  109  9:03  SCV x3  
  109  9:05  Marine  
  113  9:10  Command Center  
  113  9:14  Supply Depot  
  113  9:15  SCV  
  113  9:16  Marine x4  
  118  9:18  Marine x2  
  118  9:23  Medivac, Marine  
  111  9:33  SCV  
  111  9:34  Marine x3  
  111  9:36  Marine x2  
  98  9:41  Marine  
  98  9:44  SCV x2  
  99  9:48  Medivac  
  99  9:52  Marine x2  
  99  9:53  SCV, Marine x2  
  99  9:58  Marine  
  99  9:59  SCV x2  
  105  10:01  Barracks Reactor  
  105  10:07  Refinery  
  107  10:09  Marine  
  107  10:10  Barracks, Marine  
  107  10:11  Marine  
  107  10:13  Marine  

Tags
 
Add a new tag
Caveats
  • Supply blocks, unpowered buildings, or Contaminate may cause inaccurate times.
  • Supply counts are checked every 10 seconds.